 Dungeon Crawl Stone Soup version 0.21.1-1-g345015f (webtiles) character file.

95 Mirai the Magician (level 4, -1/24 HPs)
             Began as a Deep Elf Conjurer on Apr 16, 2018.
             Killed by divine providence
             ... invoked by an orc priest
              (11 damage)
             ... on level 3 of the Dungeon.
             The game lasted 00:03:41 (1413 turns).

Mirai the Magician (Deep Elf Conjurer)              Turns: 1413, Time: 00:03:42

Health: -1/24      AC:  2    Str:  5    XL:     4   Next: 40%
Magic:  10/13      EV: 13    Int: 21    God:
Gold:   96         SH:  0    Dex: 15    Spells: 3/14 levels left

rFire    . . .     SeeInvis +   s - +2 battleaxe (freeze)
rCold    + . .     Gourm    .   (shield currently unavailable)
rNeg     . . .     Faith    .   a - +0 robe
rPois    .         Spirit   .   (no helmet)
rElec    .         Reflect  .   (no cloak)
rCorr    .         Harm     .   (no gloves)
MR       .....                  (no boots)
Stlth    ++........             (no amulet)
HPRegen  0.08/turn              p - ring of see invisible
MPRegen  0.13/turn              q - ring of protection from cold

@: no status effects
A: no striking features
a: no special abilities


You were on level 3 of the Dungeon.
You were not hungry.

You visited 1 branch of the dungeon, and saw 3 of its levels.

You collected 96 gold pieces.

Inventory:

Hand Weapons
 s - a +2 battleaxe of freezing (weapon)
Armour
 a - a +0 robe (worn)
Jewellery
 p - a ring of see invisible (left hand)
 q - a ring of protection from cold (right hand)
Scrolls
 d - a scroll of enchant armour {unknown}
 e - a scroll of remove curse {unknown}
 f - 3 scrolls of enchant weapon {unknown}
 g - a scroll of immolation {unknown}
 j - 5 scrolls of identify {unknown}
 n - a scroll of fog {unknown}
Potions
 h - 2 potions of heal wounds {unknown}
 i - a potion of curing {unknown}
 k - a potion of degeneration {unknown}
 l - a potion of berserk rage {unknown}
 m - a potion of haste {unknown}
 o - a potion of flight {unknown}
 r - a potion of ambrosia {unknown}
 t - a potion of mutation {unknown}
Books
 b - a book of Conjurations

   Spells                             Type                      Level
   a - Magic Dart                     Conjuration                  1
   b - Searing Ray                    Conjuration                  2
   c - Dazzling Spray                 Conjuration/Hexes            3
   d - Fulminant Prism                Conjuration/Hexes            4
   e - Force Lance                    Conjuration/Translocation    4
   f - Iskenderun's Mystic Blast      Conjuration                  4
Comestibles
 c - 5 rations


   Skills:
 - Level 2.4 Dodging
 - Level 2.4 Stealth
 * Level 5.5 Spellcasting
 + Level 5.1 Conjurations


You had 3 spell levels left.
You knew the following spells:

 Your Spells              Type           Power        Failure   Level  Hunger
a - Magic Dart            Conj           ####         1%          1    None
b - Searing Ray           Conj           ####..       1%          2    None
c - Iskenderun's Mystic   Conj           ####....     12%         4    ####...
d - Fulminant Prism       Conj/Hex       ###.......   34%         4    ####...


Dungeon Overview and Level Annotations

Branches:
Dungeon (3/15)

Altars:
Cheibriados

Annotations:
D:3 2 transporters


Message History

Confirm with . or Enter, or press ? or * to list all spells.
Aiming: Magic Dart
Press: ? - help, Shift-Dir - straight line, f - kobold
Aim: a kobold The magic dart hits the kobold.
You kill the kobold!
Found 26 bolts.
Found 19 stones.
Found 14 gold pieces.
Things that are here:
4 stones; a kobold corpse An orc priest comes into view.
It is wielding a whip.
The orc priest invokes the aid of Beogh against you.
Beogh smites you!
Ouch! That really hurt!
You hear a shout! 2 orcs come into view.
The orc priest calls down the wrath of Beogh upon you.
Beogh smites you!
You die...

#.......#.#.#
#....>....#.# .#J#oo
#.........#.###.#.#.#
#...>................
####.....(##..........o.
............<...........
####...............(...$
#......#.............
########.....@...$...
#.............
#...(.........
##............
##(....#.....
############


You could see a jelly, an orc priest and 2 orcs.

Vanquished Creatures
  A worker ant (D:3)
  An adder (D:2)
  A shadow imp (D:3)
  An ooze (D:2)
  A worm (D:3)
  3 dart slugs
  2 leopard geckos
  6 hobgoblins
  9 jackals
  6 kobolds
  A ball python (D:1)
  2 bats
  6 frilled lizards
  A goblin (D:3)
  2 rats
43 creatures vanquished.

Notes
Turn   | Place    | Note
-------+----------+-------------------------------------------
     0 | D:1      | Mirai the Deep Elf Conjurer began the quest for the Orb.
     0 | D:1      | Reached XP level 1. HP: 10/10 MP: 6/6
   196 | D:1      | Reached XP level 2. HP: 14/15 MP: 5/8
   238 | D:1      | Learned a level 2 spell: Searing Ray
   692 | D:2      | Found a snail-covered altar of Cheibriados.
   716 | D:2      | Reached XP level 3. HP: 7/19 MP: 3/10
   978 | D:3      | Reached skill level 5 in Spellcasting
   978 | D:3      | Reached skill level 5 in Conjurations
  1063 | D:3      | Reached XP level 4. HP: 6/24 MP: 8/13
  1063 | D:3      | HP: 1/24 [jackal (1)]
  1346 | D:3      | Found a transporter.
  1353 | D:3      | Noticed a necrophage
  1354 | D:3      | Found a transporter.
  1398 | D:3      | Learned a level 4 spell: Iskenderun's Mystic Blast
  1403 | D:3      | Learned a level 4 spell: Fulminant Prism
  1413 | D:3      | Killed from afar by an orc priest

Skill      XL: |  1  2  3 |
---------------+----------+-----
Spellcasting   | 4 5 |  5.5
Conjurations   | 5 |  5.1
Dodging        | |  2.4
Stealth        | |  2.4

Action                   |  1- 3 |  4- 6 || total
-------------------------+-------+-------++-------
Melee: Dagger            |     9 |       ||     9
       Hand axe          |     7 |       ||     7
       Battleaxe         |     7 |     1 ||     8
 Cast: Magic Dart        |    64 |     8 ||    72
       Searing Ray       |     1 |       ||     1
 Stab: Sleeping          |     1 |       ||     1
  Eat: Chunk             |       |     1 ||     1
Armor: Robe              |     5 |       ||     5
Dodge: Dodged            |    38 |     5 ||    43
